 Dungeon Sprint DCSS version 0.27-a0-1140-g099f9bb0e8 (webtiles) character file.

Game seed: 13400673862186578752

30266 mhtbhm the Sorcerer (level 13, -3/65 HPs)
             Began as a Deep Elf Earth Elementalist on May 8, 2021.
             Was the Champion of Vehumet.
             Slain by a vampire knight
             ... wielding a +3 battleaxe
              (26 damage)
             ... in the Dungeon (Sprint VII: "The Pits").
             The game lasted 00:13:34 (4068 turns).

mhtbhm the Sorcerer (Deep Elf Earth Elementalist)   Turns: 4068, Time: 00:13:34

Health: -3/65      AC:  5    Str:  8    XL:     13   Next: 19%
Magic:  1/45       EV: 16    Int: 26    God:    Vehumet [******]
Gold:   21         SH:  0    Dex: 18    Spells: 21/65 levels left

rFire    . . .     SeeInvis .   l - +4 long sword (holy)
rCold    . . .     Faith    .   (no shield)
rNeg     + + .     Spirit   .   c - +1 robe {rN+}
rPois    .         Reflect  .   (no helmet)
rElec    .         Harm     .   p - +0 cloak
rCorr    .         Rampage  .   r - +0 pair of gloves
Will     ++++.     Clarity  +   (no boots) Stlth +++.......NoTele +
                                u - amulet of the Four Winds {rN+ Will+++ Clar}
HPRegen  0.20/turn              n - +3 ring of dexterity
MPRegen  0.29/turn              m - +3 ring of strength

@: slowed, very slow
A: no striking features
a: Renounce Religion


You were in the Dungeon.
You worshipped Vehumet.
Vehumet was exalted by your worship.
You visited 1 branch You collected 21 gold pieces.

Inventory:

Hand Weapons
 l - a +4 long sword of holy wrath (weapon)
Missiles
 b - 94 stones
Armour
 c - a +1 robe of positive energy (worn)
 p - a +0 cloak (worn)
 r - a +0 pair of gloves (worn)
Jewellery
 m - a +3 ring of strength (right hand)
 n - a +3 ring of dexterity (left hand)
 q - a ring of positive energy
 t - a ring of protection from cold
 u - the amulet of the Four Winds (around neck) {rN+ Will+++ Clar}
   (You found it in the Dungeon)

   [amulet of nothing]

   It protects you from negative energy.
   It protects you against confusion.
   It greatly increases your willpower.
Wands
 o - a wand of flame (8)
Scrolls
 j - 5 scrolls of amnesia
 k - a scroll of summoning
 s - a scroll of magic mapping
 v - 4 scrolls of fog
 w - 4 scrolls of enchant weapon
 y - 2 scrolls of enchant armour
 A - a scroll of identify
Potions
 a - 2 potions of invisibility
 d - 8 potions of curing
 e - 14 potions of heal wounds
 f - 2 potions of haste
 g - 2 potions of magic
 h - 5 potions of berserk rage
 x - a potion of resistance
 z - 3 potions of brilliance
Miscellaneous
 B - a phantom mirror


   Skills:
 + Level 1.2 Fighting
 + Level 0.5 Long Blades
 + Level 7.6 Dodging
 - Level 4.1 Stealth
 - Level 0.2 Unarmed Combat
 + Level 26.7 Spellcasting
 + Level 4.7 Conjurations
 - Level 4.4 Transmutations
 * Level 8.0 Fire Magic
 + Level 23.5 Earth Magic
 + Level 0.9 Evocations


You had 21 spell levels left.
You knew the following spells:

 Your Spells              Type           Power      Damage    Failure   Level
a - Sandblast             Erth           100%       2d20      0%          1
b - Passwall              Tmut/Erth      68%        N/A       0%          2
c - Stone Arrow           Conj/Erth      100%       3d13      0%          3
d - Lee's Rapid Deconstr  Erth           51%        3d25*     0%          5
e - Petrify               Tmut/Erth      82%        N/A       1%          4
f - Bolt of Magma         Conj/Fire/Erth 39%        4d17      1%          5
g - Freezing Cloud        Conj/Ice/Air   21%        6-21      17%         6
h - Shatter               Erth           51%        3d39*     1%          9
i - Fire Storm            Conj/Fire      30%        8d8       100%        9

Your spell library contained the following spells:

 Spells                   Type           Power      Damage    Failure   Level
 Tornado                  Air            17%        N/A       100%        9


Dungeon Overview and Level Annotations

Branches:
Dungeon (1/1)

Altars:
Ashenzari
Cheibriados
Dithmenos
Elyvilon
Fedhas
Gozag
Hepliaklqana
Kikubaaqudgha
Makhleb
Nemelex Xobeh
Okawaru
Qazlal
Ru
Sif Muna
Trog
Uskayaw
Vehumet
Wu Jian
Xom
Yredelemnul
Zin
The Shining One
Beogh
Jiyva
Lugonu


Message History

Casting: Lee's Rapid Deconstruction (safe; 0% risk of failure)
Confirm with . or Enter, or press ? or * to list all spells.
Aiming: Lee's Rapid Deconstruction (safe; 0% risk of failure)
Press: ? - help, Dir - move target A metal wall.
The metal wall shatters!
The blast of metal fragments hits the kobold brigand!!!
You kill the kobold brigand!
Vehumet accepts your kill.
You feel your power returning.
Unknown command.
Unknown command.
You hear some strange, mumbled words.
Casting: Lee's Rapid Deconstruction (safe; 0% risk of failure)
Confirm with . or Enter, or press ? or * to list all spells.
You can't see any susceptible monsters within range! (Use Z to cast anyway.) Unknown command.
Casting: Lee's Rapid Deconstruction (safe; 0% risk of failure)
Confirm with . or Enter, or press ? or * to list all spells.
Aiming: Lee's Rapid Deconstruction (safe; 0% risk of failure)
Press: ? - help, Dir - move target A metal wall.
The metal wall shatters!
The blast of metal fragments hits something!!
Unknown command.
Unknown command.
Casting: Lee's Rapid Deconstruction (safe; 0% risk of failure)
Confirm with . or Enter, or press ? or * to list all spells.
You don't have enough magic to cast this spell.
Aiming: Throw Flame
Press: ? - help, Shift-Dir - straight line The puff of flame hits something.
Something hits you!
* * * LOW HITPOINT WARNING * * *
Something bites you.
* * * LOW HITPOINT WARNING * * *
Something draws life force from you.
* * * LOW HITPOINT WARNING * * *
Unknown command.
You feel much better. Something hits you!!
You die...

## #####...##..#....#..# #W#
...............+ #Y# .
#...#...........+ #4# #.
.#....##'.####''# #.#)#.
...#.##..####''#### #)#†..
#...#......##......
########)....##.....#)##.##.....)
.........†).).......#))+.##..####
..........)...).@.#..).#.##..#
######++..#..#..###.#)|+.##..#
######++###.#.#####.+).#.##).#
.............##..##.##+#.##).#
...#..#......##..##......##..#
.............''..##########..#
.............''..##########..#
...#..#......##...†..........#
.............##...†..........#


There were no monsters in sight!

Vanquished Creatures
  A sphinx (D)
  A storm dragon (D)
  A nagaraja (D)
  An emperor scorpion (D)
  2 spriggan defenders (D)
  A minotaur (D)
  An eidolon (D)
  A deep elf death mage (D)
  A deep elf high priest (D)
  2 hydras (D)
  A great orb of eyes (D)
  2 merfolk avatars (D)
  A catoblepas (D)
  Erica (D)
  An alligator snapping turtle (D)
  A death yak (D)
  A shadow wraith (D)
  A flayed ghost (D)
  A deep troll (D)
  A spriggan druid (D)
  A wizard (D)
  2 phantasmal warriors (D)
  3 deep elf pyromancers (D)
  2 orc knights (D)
  A merfolk siren (D)
  A rust devil (D)
  Maurice (D)
  A molten gargoyle (D)
  An unseen horror (D)
  An efreet (D)
  A freezing wraith (D)
  An ice devil (D)
  A hellwing (D)
  2 guardian mummies (D)
  A red devil (D)
  2 trolls (D)
  A tyrant leech (D)
  A jumping spider (D)
  2 hornets (D)
  A snapping turtle (D)
  2 flying skulls (D)
  2 redbacks (D)
  A tarantella (D)
  2 wraiths (D)
  A basilisk (D)
  2 wargs (D)
  A floating eye (D)
  3 orc warriors (D)
  A sky beast (D)
  A black bear (D)
  A swamp drake (D)
  A necrophage (D)
  8 wolves (D)
  3 centaurs (D)
  A kobold brigand (D)
  4 killer bees (D)
  A small abomination (D)
  2 quasits (D)
  A hound (D)
  An iron imp (D)
  Terence (D)
  A hell rat (D)
  2 orc wizards (D)
  A mummy (D)
  2 adders (D)
  An ufetubus (D)
  A worm (D)
  9 orcs (D)
  2 ball pythons (D)
  A bat skeleton (D)
  4 giant cockroaches (D)
  A hobgoblin (D)
  2 jackals (D)
  2 kobolds (D)
  A bat (D)
  A frilled lizard (D)
  A jackal zombie (D)
  A quokka zombie (D)
  A rat (D)
124 creatures vanquished.

Vanquished Creatures (others)
  A shadow wraith (D)
1 creature vanquished.

Grand Total: 125 creatures vanquished

Notes
Turn   | Place    | Note
-------+----------+-------------------------------------------
     0 | D        | mhtbhm the Deep Elf Earth Elementalist began the quest for
                  | the Orb.
     0 | D        | Reached XP level 1. HP: 10/10 MP: 6/6
    10 | D        | Noticed a floating eye
    15 | D        | Killed a floating eye
    16 | D        | Reached skill level 6 in Spellcasting
    16 | D        | Reached XP level 2. HP: 15/15 MP: 4/11
    16 | D        | Reached XP level 3. HP: 19/19 MP: 4/12
    16 | D        | Reached XP level 4. HP: 24/24 MP: 4/14
    89 | D        | Found a bloodstained altar of Trog.
    89 | D        | Found a shimmering blue altar of Sif Muna.
    89 | D        | Found a viscous altar of Jiyva.
    89 | D        | Found a hazy altar of Hepliaklqana.
    89 | D        | Found an opulent altar of Gozag.
    90 | D        | Found a glowing golden altar of the Shining One.
    90 | D        | Found a glowing silver altar of Zin.
    90 | D        | Found a basalt altar of Yredelemnul.
    90 | D        | Found a shimmering altar of Xom.
    90 | D        | Found an ornate altar of the Wu Jian Council.
    90 | D        | Found a sacrificial altar of Ru.
    90 | D        | Found a stormy altar of Qazlal.
    90 | D        | Found an iron altar of Okawaru.
    90 | D        | Found a sparkling altar of Nemelex Xobeh.
    90 | D        | Found a burning altar of Makhleb.
    90 | D        | Found a blossoming altar of Fedhas.
    90 | D        | Found a white marble altar of Elyvilon.
    90 | D        | Found a shadowy altar of Dithmenos.
    90 | D        | Found a snail-covered altar of Cheibriados.
    92 | D        | Found a radiant altar of Vehumet.
    92 | D        | Found a corrupted altar of Lugonu.
    93 | D        | Found a hide-covered altar of Uskayaw.
    93 | D        | Found an ancient bone altar of Kikubaaqudgha.
    93 | D        | Found a broken altar of Ashenzari.
   102 | D        | Became a worshipper of Vehumet
   274 | D        | Learned a level 2 spell: Passwall
   278 | D        | Learned a level 3 spell: Stone Arrow
   289 | D        | Reached * piety under Vehumet
   289 | D        | Offered knowledge of Freeze by Vehumet.
   443 | D        | Reached ** piety under Vehumet
   443 | D        | Offered knowledge of Shock by Vehumet.
   468 | D        | Noticed a necrophage
   470 | D        | Killed a necrophage
   471 | D        | Reached skill level 5 in Dodging
   471 | D        | Reached skill level 7 in Spellcasting
   471 | D        | Reached skill level 1 in Conjurations
   471 | D        | Reached XP level 5. HP: 28/28 MP: 11/17
   479 | D        | Learned a level 5 spell: Lee's Rapid Deconstruction
   484 | D        | Learned a level 4 spell: Petrify
   625 | D        | Noticed Terence
   626 | D        | Killed Terence
   626 | D        | Offered knowledge of Mephitic Cloud by Vehumet.
   627 | D        | Reached skill level 8 in Spellcasting
   627 | D        | Reached skill level 10 in Earth Magic
   660 | D        | Noticed a black bear
   663 | D        | Killed a black bear
   663 | D        | Reached *** piety under Vehumet
   663 | D        | Noticed a centaur
   664 | D        | Reached skill level 9 in Spellcasting
   664 | D        | Reached XP level 6. HP: 32/32 MP: 13/20
   666 | D        | Reached skill level 10 in Spellcasting
   671 | D        | Reached **** piety under Vehumet
   837 | D        | Noticed a flayed ghost
   839 | D        | Killed a flayed ghost
   839 | D        | Offered knowledge of Fulminant Prism by Vehumet.
   840 | D        | Reached skill level 12 in Spellcasting
   840 | D        | Reached XP level 7. HP: 36/36 MP: 16/25
   888 | D        | Reached ***** piety under Vehumet
   899 | D        | Noticed a flying skull
   899 | D        | Noticed a phantasmal warrior
   901 | D        | Killed a flying skull
   902 | D        | Reached skill level 13 in Spellcasting
   902 | D        | Reached XP level 8. HP: 41/41 MP: 18/27
   903 | D        | Killed a phantasmal warrior
   904 | D        | Reached skill level 14 in Spellcasting
  1119 | D        | Noticed a flying skull
  1122 | D        | Killed a flying skull
  1122 | D        | Offered knowledge of Bolt of Magma by Vehumet.
  1122 | D        | Killed a shadow wraith
  1123 | D        | Reached skill level 16 in Spellcasting
  1123 | D        | Reached skill level 15 in Earth Magic
  1123 | D        | Reached XP level 9. HP: 39/45 MP: 19/31
  1241 | D        | Noticed a tyrant leech
  1241 | D        | Noticed a guardian mummy
  1244 | D        | Killed a guardian mummy
  1254 | D        | Killed a tyrant leech
  1475 | D        | Learned a level 5 spell: Bolt of Magma
  1542 | D        | Noticed Erica
  1543 | D        | Offered knowledge of Airstrike by Vehumet.
  1544 | D        | Reached skill level 17 in Spellcasting
  1544 | D        | Killed Erica
  1722 | D        | Reached ****** piety under Vehumet
  1723 | D        | Reached skill level 18 in Spellcasting
  1725 | D        | Noticed a deep elf pyromancer
  1728 | D        | Killed a deep elf pyromancer
  1729 | D        | Reached XP level 10. HP: 50/50 MP: 27/34
  1881 | D        | Noticed a death yak
  1885 | D        | Killed a death yak
  1885 | D        | Killed a shadow wraith
  1886 | D        | Reached skill level 19 in Spellcasting
  2005 | D        | Noticed a merfolk siren
  2005 | D        | Noticed an eight-headed hydra
  2005 | D        | Noticed a deep elf high priest
  2006 | D        | Killed a merfolk siren
  2007 | D        | Noticed a great orb of eyes
  2012 | D        | Killed an eight-headed hydra
  2012 | D        | Offered knowledge of Freezing Cloud by Vehumet.
  2013 | D        | Reached skill level 20 in Spellcasting
  2014 | D        | Killed a deep elf high priest
  2015 | D        | Killed a great orb of eyes
  2016 | D        | Reached XP level 11. HP: 54/54 MP: 13/37
  2152 | D        | Reached skill level 21 in Spellcasting
  2239 | D        | Learned a level 6 spell: Freezing Cloud
  2250 | D        | Offered knowledge of Orb of Destruction by Vehumet.
  2408 | D        | Noticed a deep elf pyromancer
  2409 | D        | Noticed Maurice
  2411 | D        | Killed a deep elf pyromancer
  2411 | D        | Killed Maurice
  2412 | D        | Noticed a wizard
  2413 | D        | Noticed a deep elf pyromancer
  2415 | D        | Killed a deep elf pyromancer
  2415 | D        | Offered knowledge of Conjure Ball Lightning by Vehumet.
  2415 | D        | Killed a wizard
  2416 | D        | Reached skill level 22 in Spellcasting
  2649 | D        | Found the amulet of the Four Winds {rN+ Will+++ Clar}
  2794 | D        | Reached skill level 1 in Fire Magic
  2794 | D        | Offered knowledge of Iskenderun's Battlesphere by Vehumet.
  2795 | D        | Reached skill level 1 in Fighting
  2908 | D        | Noticed a spriggan druid
  2910 | D        | Killed a spriggan druid
  2943 | D        | Noticed a deep troll
  2945 | D        | Killed a deep troll
  2950 | D        | Offered knowledge of Yara's Violent Unravelling by Vehumet.
  2950 | D        | Noticed an orc knight
  2952 | D        | Killed an orc knight
  2953 | D        | Reached skill level 23 in Spellcasting
  3342 | D        | Noticed an alligator snapping turtle
  3344 | D        | Offered knowledge of Ozocubu's Refrigeration by Vehumet.
  3510 | D        | Killed an alligator snapping turtle
  3796 | D        | Noticed a nagaraja
  3796 | D        | Noticed a spriggan defender
  3796 | D        | Noticed a merfolk avatar
  3798 | D        | Noticed a phantasmal warrior
  3799 | D        | Killed a nagaraja
  3799 | D        | Killed a spriggan defender
  3799 | D        | Noticed a deep elf death mage
  3799 | D        | Noticed a four-headed hydra
  3800 | D        | Reached skill level 24 in Spellcasting
  3800 | D        | Reached XP level 12. HP: 57/61 MP: 35/42
  3801 | D        | Killed a deep elf death mage
  3801 | D        | Offered knowledge of Fire Storm by Vehumet.
  3801 | D        | Offered knowledge of Shatter by Vehumet.
  3801 | D        | Offered knowledge of Tornado by Vehumet.
  3801 | D        | Killed a merfolk avatar
  3811 | D        | Killed a four-headed hydra
  3936 | D        | Learned a level 9 spell: Shatter
  3946 | D        | Learned a level 9 spell: Fire Storm
  4028 | D        | Noticed a spriggan defender
  4028 | D        | Noticed a minotaur
  4028 | D        | Noticed a storm dragon
  4028 | D        | Noticed a catoblepas
  4030 | D        | Noticed an eidolon
  4032 | D        | Killed a minotaur
  4032 | D        | Killed a sphinx
  4032 | D        | Killed a storm dragon
  4033 | D        | Reached skill level 25 in Spellcasting
  4033 | D        | Reached skill level 5 in Fire Magic
  4034 | D        | Killed an eidolon
  4034 | D        | Noticed an emperor scorpion
  4036 | D        | Reached skill level 26 in Spellcasting
  4038 | D        | Killed a spriggan defender
  4041 | D        | Reached XP level 13. HP: 40/65 MP: 27/45
  4041 | D        | Killed an emperor scorpion
  4060 | D        | Noticed a vampire knight
  4068 | D        | Slain by a vampire knight

Illustrated notes

Levels and vault maps discovered:
D:        pitsprint [storerooms_1, entrance_room_1, metal_vault_2, armoury_2,
          mini_pit_1, grid_room_1, main_hall_1, silver_pit, the_coven_3,
          the_vestibule_1, steel_vault_4, golden_pit, hallway_of_sentries,
          crystal_vault_2, iron_vault_2, final_vault]

Skill      XL: |  1  2  3  4  5  6  7  8  9 10 11 12 13 |
---------------+----------------------------------------+-----
Dodging        | 4 5 6 7 |  7.6
Stealth        | 4 |  4.1
Spellcasting   | 6 7 9 12 13 16 18 20 24 26 | 26.7
Earth Magic    | 7 9 10 13 15 17 19 21 23 | 23.5
Conjurations   | 1 2 3 4 |  4.7
Transmutations | 2 3 4 |  4.4
Fire Magic     | 1 6 8 |  8.0
Fighting       | 1 |  1.2
Long Blades    | |  0.5
Unarmed Combat | |  0.2
Evocations     | |  0.9

Action                   |  1- 3 |  4- 6 |  7- 9 | 10-12 | 13-15 || total
-------------------------+-------+-------+-------+-------+-------++-------
Melee: Unarmed           |     2 |       |       |       |       ||     2
 Cast: Sandblast         |     2 |     3 |       |       |       ||     5
       Stone Arrow       |       |     8 |     3 |     4 |     4 ||    19
       Lee's Rapid Decon |       |     8 |    19 |    85 |     5 ||   117
       Petrify           |       |       |     2 |     7 |       ||     9
       Bolt of Magma     |       |       |       |     6 |       ||     6
       Shatter           |       |       |       |       |     6 ||     6
Evoke: Wand              |       |       |       |     1 |     1 ||     2
  Use: Potion            |       |       |       |     8 |     3 ||    11
       Scroll            |       |       |       |     1 |       ||     1
Armor: Robe              |       |       |       |     4 |     1 ||     5
Dodge: Dodged            |       |     2 |     1 |    12 |     3 ||    18
       Rpst.: Long sword |       |       |       |     1 |     2 ||     3

Table legend: (Time is in decaauts)
 A = Elapsed time spent in this place.
 B = Non-inter-level travel time spent in this place.
 C = Inter-level travel time spent in this place.
 D = Time resting spent in this place.
 E = Time spent auto-exploring this place.
 F = Levels seen in this place.
 G = Mean time per level.
                   A        B        C        D        E       F      G
               +--------+--------+--------+--------+--------+-----+--------+
         Total |   4068 |   4068 |      0 |   2838 |    101 |   1 | 4068.0 |
       Dungeon |   4068 |   4068 |      0 |   2838 |    101 |   1 | 4068.0 |
               +--------+--------+--------+--------+--------+-----+--------+

Top non-repeatable levels by time:
       D: 4068 daAuts
